 Dungeon Crawl Stone Soup version 0.14-a0-3472-gf2e932f (webtiles) character file.

104 KaKa the Shooter (level 3, -5/26 HPs)
             Began as a Demonspawn Hunter on Mar 24, 2014.
             Killed from afar by Sigmund (8 damage)
             ... with a wand of magic darts
             ... on Level 2 of the Dungeon.
             The game lasted 00:07:38 (1524 turns).

KaKa the Shooter (Demonspawn Hunter)                Turns: 1524, Time: 00:07:38

HP  -5/26        AC  3     Str 12      XL: 3   Next: 28%
MP   0/3         EV 11     Int  9 (13) God:
Gold 65          SH  0     Dex 13      Spells:  0 memorised,  2 levels left

rFire  . . .     SeeInvis .     b - +1 bow
rCold  . . .     Clarity  .     d - +0 leather armour
rNeg   . . .     Conserve .     (no shield)
rPois  .         rCorr    .     (no helmet)
rElec  .         rRot     .     (no cloak)
SustAb . .       Spirit   +     (no gloves)
rMut   .         Warding  .     (no boots)
Saprov . . .     Stasis   .     (no amulet)
MR     .....                    (no ring)
                                (no ring)

@: confused, not resistant to hostile enchantments, unstealthy
A: nightstalker 1, magic shield
a: no special abilities


You were on level 2 of the Dungeon.
You were not hungry.

You visited 1 branch of the dungeon, and saw 2 of its levels.

You collected 65 gold pieces.

Inventory:

Hand weapons
 a - a +0,+0 short sword
 b - a +1,+1 bow (weapon)
Missiles
 c - 10 arrows (quivered)
 g - 8 poisoned arrows
Armour
 d - a +0 leather armour (worn)
Comestibles
 f - 2 bread rations
 m - a honeycomb
Scrolls
 e - a scroll of remove curse {unknown}
 j - a scroll of enchant weapon II {unknown}
 k - a scroll of identify {unknown}


   Skills:
 - Level 1.0 Fighting
 + Level 4.6 Bows
 - Level 1.7 Dodging
 - Level 0.8 Stealth


You had 2 spell levels left.
You didn't know any spells.

Dungeon Overview and Level Annotations

Branches:
Dungeon (2/15)

Altars:

Annotations:
D:2 Sigmund


Innate Abilities, Weirdness & Mutations

You are slightly more attuned to the shadows.
When hurt, damage is shared between your health and your magic reserves.


Message History

Sigmund giggles. "Time to reap what you sow."
Sigmund zaps a wand.
The magic dart hits you!
* * * LOW HITPOINT WARNING * * *
Firing (i - inventory. (,) - cycle):
c - 13 arrows (quivered)
Press: ? - help, Shift-Dir - straight line, f/p - Sigmund
Aim: Sigmund, wielding a scythe, wearing a robe and carrying a wand of magic darts {zapped: 4} (moderately wounded)
You shoot an arrow. The arrow hits Sigmund.
Sigmund is moderately wounded.
Firing (i - inventory. (,) - cycle):
c - 12 arrows (quivered)
Press: ? - help, Shift-Dir - straight line, f/p - Sigmund
Aim: Sigmund, wielding a scythe, wearing a robe and carrying a wand of magic darts {zapped: 4} (moderately wounded)
You shoot an arrow. The arrow hits Sigmund.
Sigmund is heavily wounded.
Sigmund gestures at you while chanting.
You are confused.
Firing (i - inventory. (,) - cycle):
c - 11 arrows (quivered)
Press: ? - help, Shift-Dir - straight line, f/p - Sigmund
Aim: Sigmund, wielding a scythe, wearing a robe and carrying a wand of magic darts {zapped: 4} (heavily wounded)
You shoot an arrow.
Sigmund zaps a wand.
The magic dart hits you!
You die...

.##.....#
#.%.%..#
.......##
###.####
########
#..%...###
#.#......##
#.#...%...#
#.........#
#...##.#..#
#......#..#
##...@....#
#..#.##..#
#..... ..#
####.#####
#@# #(# #.#
((#


You could see Sigmund.

Vanquished Creatures
  A giant mite (D:2)
  An ooze (D:1)
  2 ball pythons (D:1)
  8 bats
  2 giant cockroaches
  4 hobgoblins
  3 giant newts (D:1)
  7 goblins
  2 kobolds (D:1)
  2 rats (D:1)
32 creatures vanquished.

Notes
Turn   | Place    | Note
--------------------------------------------------------------
     0 | D:1      | KaKa, the Demonspawn Hunter, began the quest for the Orb.
     0 | D:1      | Reached XP level 1. HP: 15/15 MP: 1/1
   158 | D:1      | Reached skill level 4 in Bows
   193 | D:1      | Gained mutation: You are slightly more attuned to the shadows. [demonic ancestry]
   193 | D:1      | Reached XP level 2. HP: 16/21 MP: 2/2
  1465 | D:2      | Gained mutation: When hurt, damage is shared between your health and your magic reserves. [demonic ancestry]
  1465 | D:2      | Reached XP level 3. HP: 26/26 MP: 3/3
  1510 | D:2      | Noticed Sigmund
  1524 | D:2      | Killed from afar by Sigmund

Action                   || total
-------------------------++-------
Melee: Short sword       ||   100
 Fire: Bow               ||    25
  Use: Potion            ||     3
 Stab: Sleeping          ||     1
